 Dungeon Crawl Stone Soup version 0.31.0-11-ge490571c62 (webtiles) character file.

Game seed: 17158454823253794636

41 scone the Apothecary (level 3, -1/21 HPs)
             Began as an Octopode Alchemist on Feb 8, 2024.
             Slain by an iguana (8 damage)
             ... on level 3 of the Dungeon.
             The game lasted 00:04:52 (918 turns).

scone the Apothecary (Octopode Alchemist)            Turns: 918, Time: 00:04:52

Health: -1/21      AC:  1    Str:  7    XL:     3   Next: 52%
Magic:  6/6        EV: 13    Int: 19    God:
Gold:   33         SH:  0    Dex: 12    Spells: 6/7 levels left

rFire   . . .        (no weapon)
rCold   . . .        (no shield)
rNeg    . . .        (helmet restricted)
rPois   .            (no amulet)
rElec   .            e - ring of see invisible
rCorr   .            (no ring)
SInv    +            (no ring)
Will    .....        (no ring)
Stlth   +++          (no ring)
HPRegen 0.23/turn    (no ring)
MPRegen 0.10/turn    (no ring)
                     (no ring)

%: no passive effects
@: no status effects
A: almost no armour, amphibious, 8 rings, camouflage 1, gelatinous body 1,
(nimble swimmer 1), tentacles
a: no special abilities


You were on level 3 of the Dungeon.
You visited 1 branch of the dungeon, and saw 4 of its levels.

You collected 33 gold pieces.

Inventory:

Missiles
 f - 9 stones
Jewellery
 e - a ring of see invisible (left tentacle)
Scrolls
 b - a scroll of identify {unknown}
 c - a scroll of teleportation {unknown}
Potions
 a - a potion of magic
 d - a potion of lignification {unknown}


   Skills:
 + Level 2.1 Dodging
 + Level 3.0 Stealth
 + Level 2.5 Spellcasting
 + Level 1.1 Conjurations
 * Level 4.1 Alchemy


You had 6 spell levels left.
You knew the following spells:

 Your Spells              Type           Power      Damage    Failure   Level
a - Sting                 Conj/Alch      48%        1d6       5%          1

Your spell library contained the following spells:

 Spells                   Type           Power      Damage    Failure   Level
 Mercury Vapours          Alch/Air       20%        N/A       11%         2
 Mephitic Cloud           Conj/Alch/Air  9%         N/A       24%         3
 Olgreb's Toxic Radiance  Alch           18%        N/A       28%         4
 Sticky Flame             Fire/Alch      10%        2d5       56%         4


Dungeon Overview and Level Annotations

Branches:
Dungeon (4/15)
 Temple: D:4-7

Altars:
Wu Jian


Innate Abilities, Weirdness & Mutations

You cannot wear most types of armour.
You are amphibious.
You can wear up to eight rings at the same time.
Your skin changes colour to match your surroundings (Stealth+).
Your rubbery body absorbs attacks. (AC +1, EV +1)
((You are camouflaged when in or above water. (Stealth+)))
You have tentacles for arms and can constrict up to eight enemies at once.


Message History

You constrict the goblin. The goblin hits you with a +0 club.
You tentacle-slap the goblin.
You kill the goblin!
You start resting.
HP restored.
You start resting.
Magic restored.
You open the door.
Found an ornate altar of the Wu Jian Council.
A hobgoblin comes into view.
There is an open door here.
An iguana comes into view.
The helpless iguana fails to defend itself.
You tentacle-slap the iguana. Your grab misses the iguana.
Your squeeze misses the iguana.
The iguana is lightly wounded.
The iguana closely misses you.
You tentacle-slap the iguana but do no damage.
Your grab misses the iguana. Your squeeze misses the iguana.
The iguana is lightly wounded.
The iguana barely misses you.
You tentacle-slap the iguana but do no damage.
You grab the iguana.
The iguana is lightly wounded.
You constrict the iguana, but do no damage.
The iguana misses you.
You tentacle-slap the iguana.
The iguana is lightly wounded.
You constrict the iguana, but do no damage.
The iguana bites you.
You tentacle-slap the iguana but do no damage.
The iguana is lightly wounded.
You constrict the iguana, but do no damage.
The iguana bites you!
Ouch! That really hurt!
You tentacle-slap the iguana but do no damage.
The iguana is lightly wounded.
You constrict the iguana, but do no damage.
The iguana bites you!
You die...

§#§##.####..#'#..###########.#.##
#.##.# #..#.#..................
#.# ##.#.#.############.#.## #.#
h.#.#..# #.#.# ### .##.##.# #.#.#
#g ...#.## #.#.## gg ._.#..#
#..... .h g..#..## ###.## #@..#
#.# #l.#.# #.## #.##... #... #.
##.# #### #. .# .. . ## .


You could see an iguana.

Vanquished Creatures
  An adder (D:3)
  A dart slug (D:4)
  A ribbon worm (D:3)
  3 orcs (D:4)
  A ball python (D:3)
  An endoplasm (D:4)
  3 goblins (D:3)
  3 hobgoblins
  A jackal (D:3)
  2 kobolds (D:3)
  A quokka (D:4)
  3 bats
  A rat (D:3)
22 creatures vanquished.

Notes
Turn   | Place    | Note
-------+----------+-------------------------------------------
     0 | D:1      | scone the Octopode Alchemist began the quest for the Orb.
     0 | D:1      | Reached XP level 1. HP: 11/11 MP: 3/3
     6 | D:1      | Noticed a black bear
     6 | D:1      | Noticed a lindwurm
     6 | D:1      | Noticed a snapping turtle
     7 | D:1      | Noticed a scorpion
     7 | D:1      | Noticed an anaconda
   186 | D:3      | Reached XP level 2. HP: 17/17 MP: 0/5
   390 | D:4      | Reached XP level 3. HP: 11/21 MP: 2/6
   605 | D:3      | Reached skill level 4 in Alchemy
   876 | D:3      | Found an ornate altar of the Wu Jian Council.
   918 | D:3      | Slain by an iguana

Illustrated notes

Levels and vault maps discovered:
D:1:      onia_arrival_zoo_common, layout_basic, minmay_fountain_box,
          serial_bayou_ford_a, roderic_lattice_a
D:2:      layout_loops_ring, serial_shops, shop, due_unseen_surprise
D:3:      layout_basic, grunt_dithmenos_smoke_and_mirrors,
          mainiacjoe_overflow_surrounded_room, uniq_robin
D:4:      layout_cave_pools, nicolae_overflow_crystal_walls,
          mainiacjoe_overflow_catwalk, minivault_5

Skill      XL: |  1  2  3 |
---------------+----------+-----
Stealth        | 3 |  3.0
Alchemy        | 4 |  4.1
Dodging        | |  2.1
Spellcasting   | |  2.5
Conjurations   | |  1.1

Action                     || total
---------------------------++-------
  Melee: Unarmed           ||    37
         Constrict         ||    11
         Tentacles         ||     7
         Punch             ||     1
   Cast: Sting             ||    42
   Stab: Sleeping          ||     3
 Armour: Skin              ||    29
  Dodge: Dodged            ||    27
